 Dungeon Crawl Stone Soup version 0.21.1-1-g345015f (webtiles) character file.

39 inmateoo the Ruffian (level 3, -1/31 HPs)
             Began as a Troll Fire Elementalist on Feb 20, 2018.
             Slain by a phantom (8 damage)
             ... on level 2 of the Dungeon.
             The game lasted 00:01:04 (893 turns).

inmateoo the Ruffian (Troll Fire Elementalist)       Turns: 893, Time: 00:01:05

Health: -1/31      AC:  5    Str: 17    XL:     3   Next: 26%
Magic:  3/3        EV: 10    Int: 11    God:
Gold:   48         SH:  0    Dex: 10    Spells: 3/4 levels left

rFire    . . .     SeeInvis .     - Unarmed
rCold    . . .     Gourm    +   (no shield)
rNeg     . . .     Faith    .   a - +0 robe
rPois    .         Spirit   .   (helmet restricted)
rElec    .         Reflect  .   (no cloak)
rCorr    .         Harm     .   (gloves unavailable)
MR       .....                  (boots unavailable)
Stlth    +.........             (no amulet)
HPRegen  0.50/turn              (no ring)
MPRegen  0.08/turn              (no ring)

@: no status effects
A: large, unfitting armour, claws 3, fast metabolism 3, gourmand, regeneration
1, shaggy fur 1, tough skin 2
a: no special abilities


You were on level 2 of the Dungeon.
You were very full.

You visited 1 branch of the dungeon, and saw 2 of its levels.

You collected 48 gold pieces.

Inventory:

Armour
 a - a +0 robe (worn)
Jewellery
 k - a cursed -3 ring of evasion {unknown}
Scrolls
 d - a scroll of teleportation {unknown}
 f - a scroll of remove curse {unknown}
 g - 2 scrolls of enchant armour {unknown}
 l - a scroll of blinking {unknown}
 m - a scroll of identify {unknown}
 o - a scroll of magic mapping {unknown}
Potions
 e - a potion of brilliance {unknown}
 h - 3 potions of heal wounds {unknown}
 i - 2 potions of curing {unknown}
 j - a potion of agility {unknown}
 n - a potion of degeneration {unknown}
Books
 b - a book of Flames

   Spells                             Type                      Level
   a - Flame Tongue                   Conjuration/Fire             1
   b - Throw Flame                    Conjuration/Fire             2
   c - Conjure Flame                  Conjuration/Fire             3
   d - Inner Flame                    Hexes/Fire                   3
   e - Sticky Flame                   Conjuration/Fire             4
   f - Fireball                       Conjuration/Fire             5
Comestibles
 c - 4 rations


   Skills:
 - Level 1.5 Dodging
 - Level 1.0 Stealth
 * Level 3.0 Unarmed Combat
 - Level 1.2 Spellcasting
 - Level 0.6 Conjurations
 - Level 2.1 Fire Magic


You had 3 spell levels left.
You knew the following spells:

 Your Spells              Type           Power        Failure   Level  Hunger
a - Flame Tongue          Conj/Fire      #....        19%         1    ##.....


Dungeon Overview and Level Annotations

Branches:
Dungeon (2/15)

Altars:


Innate Abilities, Weirdness & Mutations

You are too large for most types of armour.
You have claws for hands.
Your metabolism is lightning-fast.
You like to eat raw meat.
Your natural rate of healing is unusually fast.
You are covered in fur. (AC +1)
You have very tough skin. (AC +2)


Message History

* * * LOW HITPOINT WARNING * * *
There is an open door, spattered with blood here.
You scratch the phantom.
The phantom is moderately damaged.
The phantom hits you.
* * * LOW HITPOINT WARNING * * *
You scratch the phantom but do no damage.
The phantom is moderately damaged.
The phantom hits you.
* * * LOW HITPOINT WARNING * * *
You barely miss the phantom.
The phantom is moderately damaged.
The phantom hits you but does no damage.
You claw the phantom!
The phantom is heavily damaged.
The phantom misses you.
You claw the phantom!
The phantom is almost destroyed.
The phantom hits you!
You die...

##### #...# #...#### #......#
######## #......# #####
#......# #......# #....
#......#######....^.#####.###
+........†..@W.......>....#
###.......######............#
...........### #...##...)[..#
.....#####.(..#
#...####+###.# ####.
###....####...# #.....# ##
#........##...# ####### #.
#........##..)#
#.#...W....##...#
#..........###### #######


You could see a phantom.

Vanquished Creatures
  A gnoll (D:1)
  2 dart slugs (D:1)
  2 giant cockroaches (D:1)
  3 goblins (D:1)
  A hobgoblin (D:2)
  6 jackals
  3 bats
  2 frilled lizards (D:1)
  A kobold (D:1)
  4 rats
25 creatures vanquished.

Notes
Turn   | Place    | Note
-------+----------+-------------------------------------------
     0 | D:1      | inmateoo the Troll Fire Elementalist began the quest for the Orb.
     0 | D:1      | Reached XP level 1. HP: 16/16 MP: 1/1
    93 | D:1      | Reached skill level 1 in Unarmed Combat
   209 | D:1      | Reached XP level 2. HP: 17/24 MP: 2/2
   366 | D:1      | Reached skill level 2 in Unarmed Combat
   419 | D:1      | Reached XP level 3. HP: 11/31 MP: 3/3
   857 | D:2      | Noticed a phantom
   876 | D:2      | Reached skill level 3 in Unarmed Combat
   893 | D:2      | Slain by a phantom

Skill      XL: |  1  2  3 |
---------------+----------+-----
Unarmed Combat | 1 2 3 |  3.0
Dodging        | |  1.5
Stealth        | |  1.0
Spellcasting   | |  1.2
Conjurations   | |  0.6
Fire Magic     | |  2.1

Action                   || total
-------------------------++-------
Melee: Unarmed           ||    79
       Punch             ||     1
 Stab: Sleeping          ||     2
  Eat: Chunk             ||    12
Armor: Robe              ||    32
Dodge: Dodged            ||    44
